 Seeded DCSS version 0.29.1-12-g30fa7ad0bf (webtiles) character file.

Game seed: 20230109 (custom seed)

27384 stormannn the Thaumaturge (level 13, -1/102 HPs)
             Began as a Djinni Fire Elementalist on Jan 9, 2023.
             Was a High Priest of Qazlal.
             Slain by an orc knight
             ... wielding a +0 battleaxe
              (25 damage)
             ... on level 2 of the Orcish Mines.
             The game lasted 01:23:52 (20594 turns).

stormannn the Thaumaturge (DjFE)                   Turns: 20594, Time: 01:23:52

Health: -1/102     AC:  7    Str:  7    XL:     13   Next: 65%
Gold:   1022       EV: 12    Int: 28    God:    Qazlal [*****.] SH:  6 Dex: 14

rFire   + + .      SeeInvis .     - Blade Hands
rCold   x . .      Faith    .   (shield currently unavailable)
rNeg    . . .      Spirit   .   A - +1 steam dragon scales
rPois   ∞          Reflect  .   o - +0 helmet
rElec   +          Harm     .   t - scarf {+Inv}
rCorr   .          Rampage  .   (gloves currently unavailable)
Will    +....                   (boots unavailable)
Stlth   +.........              (no amulet)
HPRegen 0.27/turn               n - ring of wizardry
MPRegen 0.00/turn               M - +6 ring of intelligence

@: blade hands, protected from electricity, flying, repel missiles
A: flying, sickness immunity, fire resistance 2, cold vulnerability 1, float,
innate caster, HP casting, extra vitality 1
a: End Transformation, Renounce Religion, Evoke Invisibility, Upheaval,
Elemental Force, Disaster Area


You were on level 2 of the Orcish Mines.
You worshipped Qazlal.
Qazlal was extremely pleased with you.
You had blades for hands.
You visited 4 branches of the dungeon, and saw 17 of its levels.

You collected 1270 gold pieces.
You spent 248 gold pieces at shops.

Inventory:

Hand Weapons
 d - a +1 short sword
Missiles
 g - 135 stones
 r - 40 poisoned darts (quivered)
 y - 13 throwing nets
Armour
 a - a +1 robe
 c - a +0 troll leather armour
 o - a +0 helmet (worn)
 t - a scarf of invisibility (worn)
 v - a +0 buckler (melded)
 A - +1 steam dragon scales (worn)
Magical Staves
 C - a staff of air (melded)
Jewellery
 b - a ring of resist corrosion
 h - a ring of willpower
 n - a ring of wizardry (left blade hand)
 p - a +4 ring of evasion
 M - a +6 ring of intelligence (right blade hand)
Wands
 k - a wand of flame (26)
 D - a wand of acid (6)
 G - a wand of paralysis (3)
 J - a wand of polymorph (4)
 L - a wand of roots (1)
Scrolls
 e - 4 scrolls of teleportation
 i - 4 scrolls of fear
 w - 2 scrolls of immolation
 x - a scroll of vulnerability
 z - 2 scrolls of magic mapping
 F - a scroll of enchant armour
Potions
 f - 5 potions of attraction
 j - a potion of brilliance
 l - 7 potions of curing
 m - 6 potions of might
 q - 3 potions of haste
 s - 3 potions of degeneration
 u - 2 potions of lignification
 B - 5 potions of mutation
 E - a potion of ambrosia {unknown}
 N - a potion of resistance {unknown}


   Skills:
 + Level 12.7 Fighting
 - Level 2.1 Dodging
 - Level 1.5 Stealth
 - Level 4.0 Shields
 * Level 14.0 Spellcasting


You had 9 spell levels left.
You knew the following spells:

 Your Spells              Type           Power      Damage    Failure   Level
a - Foxfire               Conj/Fire      100%       2x1d9     1%          1
b - Scorch                Fire           100%       2d10      1%          2
c - Conjure Flame         Conj/Fire      78%        6-21      1%          3
d - Inner Flame           Hex/Fire       78%        N/A       1%          3
e - Flame Wave            Conj/Fire      78%        2d17      2%          4
f - Sandblast             Erth           100%       2d20      1%          1
g - Static Discharge      Conj/Air       78%        3-13/arc  1%          2
h - Mephitic Cloud        Conj/Pois/Air  78%        N/A       1%          3
i - Stone Arrow           Conj/Erth      100%       3d13      1%          3
j - Corpse Rot            Necr/Pois/Air  78%        N/A       2%          4
k - Blade Hands           Tmut           39%        N/A       3%          5
Your spell library was empty.

Dungeon Overview and Level Annotations

Branches:
Dungeon (12/15)            Temple (1/1) D:5            Lair (2/5) D:8
    Orc (2/2) D:12
  Swamp: Lair:2-3    Shoals: Lair:2-3     Snake: Lair:2-3    Spider: Lair:2-3
    Elf: Orc:2

Altars:
Ashenzari
Cheibriados
Dithmenos
Elyvilon
Fedhas
Gozag
Hepliaklqana
Makhleb
Nemelex Xobeh
Okawaru
Qazlal
Ru
Trog
Uskayaw
Wu Jian
Xom
Yredelemnul
Zin
The Shining One

Shops:
D:6 [   Orc:1 *

Annotations:
D:4 2 runed translucent doors, SirLogeyBear's ghost, amateur HOBe
D:5 2 runed translucent doors, SirLogeyBear's ghost, novice HOBe
D:8 exclusion: door


Innate Abilities, Weirdness & Mutations

You have blades for hands.
You are flying.
Your spellcasting is less reliable in this form.
You are incapable of wielding weapons or throwing items.
You are immune to sickness and miasma.
You are immune to poison.
Your flesh is very heat resistant. (rF++)
You are vulnerable to cold. (rC-)
You float through the air rather than walking.
You learn spells naturally, not from books.
Your magical power is your life essence.
You have superior vitality. (+4 MHP)


Message History

The orc knight is struck by an arc of lightning!
The orc knight is moderately wounded.
You are struck by an arc of lightning.
* * * LOW HITPOINT WARNING * * *
The orc knight is struck by an arc of lightning.
The orc knight is moderately wounded.
You are struck by an arc of lightning.
* * * LOW HITPOINT WARNING * * *
You feel protected from electricity.
The orc knight is struck by an arc of lightning.
The orc knight is moderately wounded.
You resist.
You are struck by an arc of lightning.
* * * LOW HITPOINT WARNING * * *
The orc knight is struck by an arc of lightning!
The orc knight is heavily wounded.
The lightning grounds out.
* * * LOW HITPOINT WARNING * * *
The orc knight is engulfed in blazing flames.
Flame seeps out of the orc knight.
The orc knight cries.
Casting: Static Discharge (safe; 1% risk of failure)
Confirm with . or Enter, or press ? or * to list all spells.
Okay, then.
Okay, then.
Casting: Static Discharge (safe; 1% risk of failure)
Confirm with . or Enter, or press ? or * to list all spells.
The orc knight is struck by an arc of lightning!
The orc knight is severely wounded.
The orc knight is struck by an arc of lightning.
Flame seeps out of the orc knight.
The orc knight is heavily wounded.
The orc knight is struck by an arc of lightning.
The orc knight is severely wounded.
You resist.
You are struck by an arc of lightning.
* * * LOW HITPOINT WARNING * * *
The orc knight seems less confused.
An orc comes into view. It is wielding a +0 club.
An orc warrior comes into view.
It is wielding a +1 broad axe of electrocution.
The orc knight hits you with a +0 battleaxe!!
You die...

#..##.........
#...#........#
#.......^#..##
#...........##
#...........##
..##°.°)§.......#
...)§§.☼.......##
..o$○°o@[.......#
.....○o))§......#
o.§°☼.§.[.......#
o..☼§°☼...[#...##
..<)○☼☼.........#
....☼..........##
..............##
#^............#
............#


You could see 2 orc knights, 2 orc warriors and an orc (strong).

Vanquished Creatures
  Josephine (D:10)
  2 hydras
  4 two-headed ogres
  Urug (D:8)
  Amaemon (D:10)
  2 orc knights
  2 cyclopes (D:11)
  6 gargoyles
  2 unseen horror zombies (D:9)
  An orange demon (D:10)
  A cane toad (Lair:1)
  Psyche (D:9)
  3 komodo dragons
  3 trolls
  3 blink frogs (Lair:1)
  Sigmund (D:3)
  6 wraiths (D:10)
  2 vampires (D:12)
  6 wyverns
  32 yaks
  3 basilisks
  2 steam dragons (D:8)
  2 wargs
  Menkaure (D:7)
  3 acid dragons
  4 water moccasins
  18 orc warriors
  An ice beast (D:5)
  3 black bears
  4 wolves
  5 ogres
  2 phantoms
  3 centaurs
  9 bullfrogs
  2 kobold brigands
  A necrophage (D:8)
  2 gnoll sergeants (D:6)
  A scorpion (D:7)
  10 wights
  9 killer bees
  An electric eel (D:6)
  3 howler monkeys
  3 centaur zombies (D:9)
  12 orc priests
  7 hounds
  2 gnoll boudas
  2 iguanas
  11 orc wizards
  Natasha (D:2)
  A killer bee zombie (D:9)
  A boggart simulacrum (D:11)
  28 gnolls
  9 adders
  A shadow imp (D:8)
  2 white imps
  A dart slug (D:4)
  79 orcs
  8 ball pythons
  6 endoplasms
  4 giant cockroaches
  8 goblins
  7 hobgoblins
  12 jackals
  2 quokkas (D:4)
  6 bats
  2 frilled lizards
  17 kobolds
  2 rats
  17 foxfires
420 creatures vanquished.

Vanquished Creatures (collateral kills)
  3 foxfires (D:5)
3 creatures vanquished.

Vanquished Creatures (others)
  A gnoll (D:6)
  1106 foxfires
  8 fungi
  6 plants
  5 withered plants (D:9)
1126 creatures vanquished.

Grand Total: 1549 creatures vanquished

Notes
Turn   | Place    | Note
-------+----------+-------------------------------------------
     0 | D:1      | stormannn the Djinni Fire Elementalist began the quest for
                  | the Orb.
     0 | D:1      | stormannn set off with the following spells memorised:
                  | Foxfire, Scorch, Conjure Flame, Inner Flame, Flame Wave.
     0 | D:1      | Reached XP level 1. HP: 15/15 MP: 0/0
   630 | D:1      | Reached XP level 2. HP: 20/22 MP: 0/0
  1039 | D:2      | Found a faded altar of an unknown god.
  1182 | D:2      | Reached skill level 1 in Fighting
  1278 | D:2      | Reached skill level 3 in Spellcasting
  1278 | D:2      | Reached XP level 3. HP: 21/27 MP: 0/0
  1278 | D:2      | Learned a level 1 spell: Sandblast
  1422 | D:2      | Reached XP level 4. HP: 15/32 MP: 0/0
  1727 | D:2      | Noticed Natasha
  1732 | D:2      | Killed Natasha
  2317 | D:3      | Noticed Sigmund
  2334 | D:3      | Killed Sigmund
  2335 | D:3      | Reached skill level 4 in Spellcasting
  2335 | D:3      | Reached XP level 5. HP: 28/40 MP: 0/0
  2335 | D:3      | Learned a level 2 spell: Static Discharge
  2335 | D:3      | Reached XP level 6. HP: 32/46 MP: 0/0
  3492 | D:4      | Reached XP level 7. HP: 14/50 MP: 0/0
  3492 | D:4      | Learned a level 3 spell: Mephitic Cloud
  3809 | D:4      | Found a runed translucent door.
  3817 | D:4      | Noticed SirLogeyBear's ghost (amateur HOBe)
  3988 | D:4      | Reached skill level 5 in Spellcasting
  4574 | D:4      | Found a runed translucent door.
  5084 | D:5      | Entered Level 5 of the Dungeon
  5174 | D:5      | Found a large runed translucent door.
  5174 | D:5      | Found a large runed translucent door.
  5182 | D:5      | Noticed SirLogeyBear's ghost (novice HOBe)
  5391 | D:5      | Found a staircase to the Ecumenical Temple.
  5401 | Temple   | Entered the Ecumenical Temple
  5564 | Temple   | Became a worshipper of Qazlal Stormbringer
  5595 | D:5      | Reached XP level 8. HP: 35/58 MP: 0/0
  5812 | D:5      | Reached skill level 6 in Spellcasting
  5820 | D:5      | Reached skill level 5 in Fighting
  6813 | D:6      | Reached skill level 1 in Shields
  6890 | D:6      | Reached XP level 9. HP: 40/65 MP: 0/0
  6890 | D:6      | Learned a level 3 spell: Stone Arrow
  7112 | D:6      | Reached * piety under Qazlal
  7375 | D:6      | Reached skill level 7 in Spellcasting
  7981 | D:6      | Found Isor's Antique Armour Boutique.
  8078 | D:6      | Found Huadgh's Armour Boutique.
  8171 | D:6      | Reached ** piety under Qazlal
  8272 | D:6      | Bought a fine leather armour for 210 gold pieces
  8272 | D:6      | Identified the +2 leather armour "Laitaoss" {Rampage rN+
                  | Dex-2 Slay+2} (You bought it in a shop on level 6 of the
                  | Dungeon)
  8585 | D:7      | Noticed Menkaure
  8587 | D:7      | Killed Menkaure
  9088 | D:7      | Reached skill level 8 in Spellcasting
  9382 | D:7      | Noticed a gargoyle
  9388 | D:7      | Killed a gargoyle
  9389 | D:7      | Reached XP level 10. HP: 63/75 MP: 0/0
  9785 | D:7      | Noticed a gargoyle
  9791 | D:7      | Killed a gargoyle
  9791 | D:7      | Noticed a gargoyle
  9791 | D:7      | Noticed a gargoyle
  9792 | D:7      | Noticed a gargoyle
  9799 | D:7      | Killed a gargoyle
  9803 | D:7      | Killed a gargoyle
  9804 | D:7      | Reached skill level 9 in Spellcasting
  9804 | D:7      | Killed a gargoyle
 10349 | D:8      | Noticed a six-headed hydra
 10712 | D:8      | Found a bloodstained altar of Trog.
 10785 | D:8      | Found a staircase to the Lair.
 11157 | D:8      | Reached *** piety under Qazlal
 11286 | D:8      | Killed a six-headed hydra
 11287 | D:8      | Reached XP level 11. HP: 72/82 MP: 0/0
 11287 | D:8      | Learned a level 4 spell: Corpse Rot
 11413 | D:8      | Reached skill level 10 in Spellcasting
 11613 | D:9      | Noticed a two-headed ogre
 12175 | D:9      | Noticed Psyche
 12182 | D:9      | Killed Psyche
 12933 | D:9      | Killed a two-headed ogre
 12934 | D:9      | Reached skill level 11 in Spellcasting
 13235 | D:10     | Entered Level 10 of the Dungeon
 13285 | D:10     | Noticed a two-headed ogre
 13294 | D:10     | Killed a two-headed ogre
 13295 | D:10     | Reached skill level 10 in Fighting
 13575 | D:10     | Noticed Josephine
 13579 | D:10     | Noticed a two-headed ogre
 13585 | D:10     | Reached XP level 12. HP: 68/91 MP: 0/0
 13588 | D:10     | Reached **** piety under Qazlal
 13589 | D:10     | Killed Josephine
 13591 | D:10     | Killed a two-headed ogre
 14151 | D:10     | Noticed Amaemon
 14164 | D:10     | Killed Amaemon
 14165 | D:10     | Reached skill level 12 in Spellcasting
 14427 | D:11     | Noticed a two-headed ogre
 14433 | D:11     | Killed a two-headed ogre
 15250 | D:12     | Noticed a four-headed hydra
 15859 | Lair:1   | Entered Level 1 of the Lair of Beasts
 15860 | Lair:1   | Noticed Urug
 16044 | D:8      | Killed Urug
 16309 | Lair:1   | Reached XP level 13. HP: 31/100 MP: 0/0
 16309 | Lair:1   | Learned a level 5 spell: Blade Hands
 16672 | Lair:1   | Reached skill level 13 in Spellcasting
 17714 | Lair:1   | You are sucked into a shaft and drop 1 floor!
 17735 | Lair:2   | Noticed a five-headed hydra
 18116 | Lair:2   | Noticed a seven-headed hydra
 18488 | D:12     | Killed a four-headed hydra
 18875 | D:12     | Found a staircase to the Orcish Mines.
 19171 | Orc:1    | Entered Level 1 of the Orcish Mines
 19185 | Orc:1    | Reached ***** piety under Qazlal
 19720 | Orc:1    | Found Attottus's Assorted Antiques.
 19751 | Orc:1    | Bought a scroll labelled ICUKAGRI FETIR for 38 gold pieces
 20212 | Orc:2    | Entered Level 2 of the Orcish Mines
 20555 | Orc:2    | Reached skill level 14 in Spellcasting
 20594 | Orc:2    | Slain by an orc knight

Illustrated notes

Levels and vault maps discovered:
D:1:      scummos_arrival_simple_crosswalls, layout_basic
D:2:      layout_rooms, basic_ecumenical_altar, nrook_mini_backslash,
          chequers_serial_rivers_room_b, nicolae_eternal_life,
          minmay_tiny_reverse_x, uniq_natasha
D:3:      layout_loops_ring, st_stairs_3, minmay_fractal_squares_gapless_5,
          uniq_sigmund
D:4:      layout_basic, ebering_ghost_sewer_f
D:5:      layout_gridville, minmay_temple_entry_trees,
          ebering_ghost_disaster_area
D:6:      layout_cave_pools, serial_gnoll_camp, gnoll_camp_huts_moat,
          gnoll_camp_mini_hut, gnoll_camp_mini_hut, gnoll_camp_mini_shop,
          serial_shops, nicolae_shop_trees
D:7:      cheibrodos_statue_roulette, layout_layer_cave, uniq_menkaure
D:8:      layout_rooms, mainiacjoe_overflow_chevrons, lair_entry_dummy,
          enter_bailey_5, minmay_joined_circles
D:9:      layout_gridville, serial_undead, serial_undead_a, serial_undead_b,
          serial_undead_d, serial_undead_b, uniq_psyche
D:10:     layout_small_grid, uniq_amaemon, uniq_josephine
D:11:     layout_cave_pools, vehumet_crystals
D:12:     layout_rooms, david_orc_5
Temple:   nicolae_temple_bog_church
Lair:1:   layout_loops_ring, uniq_urug
Lair:2:   layout_gridlike
Orc:1:    layout_caves, serial_shops, shop, shop_coins, shop
Orc:2:    st_orc_town, layout_caves, serial_shops, shop, special_room,
          uniq_saint_roka

Skill      XL: |  1  2  3  4  5  6  7  8  9 10 11 12 13 |
---------------+----------------------------------------+-----
Fighting       | 1 3 4 5 7 8 10 11 12 | 12.7
Spellcasting   | 3 4 5 6 8 9 11 12 14 | 14.0
Shields        | 2 4 |  4.0
Dodging        | |  2.1
Stealth        | |  1.5

Action                   |  1- 3 |  4- 6 |  7- 9 | 10-12 | 13-15 || total
-------------------------+-------+-------+-------+-------+-------++-------
Melee: Short sword       |       |     1 |     3 |       |       ||     4
       Unarmed           |       |       |       |       |    35 ||    35
       Staff             |       |       |       |       |     1 ||     1
       Punch             |       |       |       |       |     1 ||     1
Throw: Stone             |       |     2 |       |       |       ||     2
 Cast: Foxfire           |    35 |    46 |   248 |   234 |    68 ||   631
       Scorch            |     7 |    13 |    26 |    47 |     7 ||   100
       Sandblast         |       |     3 |     3 |     3 |     3 ||    12
       Conjure Flame     |       |     1 |     1 |     3 |     4 ||     9
       Inner Flame       |       |     4 |    18 |    22 |    61 ||   105
       Static Discharge  |       |     2 |     4 |    48 |    17 ||    71
       Mephitic Cloud    |       |       |     9 |    19 |    12 ||    40
       Stone Arrow       |       |       |     7 |    20 |    51 ||    78
       Flame Wave        |       |       |     2 |     6 |       ||     8
       Corpse Rot        |       |       |       |     6 |     7 ||    13
       Blade Hands       |       |       |       |       |    10 ||    10
Evoke: Wand              |       |       |       |       |     3 ||     3
  Use: Scroll            |     2 |     5 |     7 |    13 |     1 ||    28
       Potion            |       |       |     1 |     4 |       ||     5
Armor: Robe              |     2 |     2 |     3 |       |       ||     7
       Steam dragon scal |       |       |       |     8 |    16 ||    24
Dodge: Dodged            |     9 |     7 |    30 |    58 |    35 ||   139
       Repelled          |       |       |       |       |     3 ||     3
Block: Buckler           |       |       |     2 |    49 |    22 ||    73
       Other             |       |       |       |       |     4 ||     4
